 Dungeon Crawl Stone Soup version 0.24-a0-252-g5076262 (webtiles) character file.

Game seed: 6125398561643723829

72 Hasart the Cutter (level 4, 0/27 HPs)
             Began as a Kobold Gladiator on Apr 17, 2019.
             Was an Initiate of Wu Jian.
             Slain by an orc
             ... wielding a +0 short sword
              (5 damage)
             ... on level 6 of the Dungeon.
             The game lasted 00:04:06 (1734 turns).

Hasart the Cutter (Kobold Gladiator)                Turns: 1734, Time: 00:04:07

Health: 0/27       AC:  7    Str: 12    XL:     4   Next: 48%
Magic:  4/4        EV: 16    Int:  9    God:    Wu Jian [......]
Gold:   102        SH:  0    Dex: 16    Spells: 3/3 levels left

rFire    . . .     SeeInvis .   a - +0 rapier
rCold    . . .     Gourm    .   (shield restricted)
rNeg     . . .     Faith    .   b - +0 leather armour
rPois    .         Spirit   .   c - +0 helmet
rElec    .         Reflect  .   (no cloak)
rCorr    .         Harm     .   (no gloves)
MR       .....     Rnd*Tele +   j - +2 pair of boots
Stlth    ++........             (no amulet)
HPRegen  0.09/turn              q - ring of teleportation (curse)
MPRegen  0.09/turn              (no ring)

@: no status effects
A: small, carnivore
a: Renounce Religion


You were on level 6 of the Dungeon.
You worshipped Wu Jian.
Wu Jian was noncommittal.
You were completely stuffed.

You visited 1 branch of the dungeon, and saw 4 of its levels.

You collected 102 gold pieces.

Inventory:

Hand Weapons
 a - a +0 rapier (weapon)
Missiles
 d - 3 throwing nets (quivered)
Armour
 b - a +0 leather armour (worn)
 c - a +0 helmet (worn)
 j - a +2 pair of boots (worn)
Jewellery
 q - a cursed ring of teleportation (left hand)
Scrolls
 g - 3 scrolls of enchant weapon {unknown}
 h - a scroll of teleportation {unknown}
 k - 2 scrolls of remove curse {unknown}
 l - a scroll of fear {unknown}
 m - a scroll of magic mapping {unknown}
 n - 3 scrolls of identify {unknown}
 o - a scroll of random uselessness {unknown}
 p - a scroll of noise {unknown}
 r - a scroll of amnesia {unknown}
Potions
 e - a potion of degeneration {unknown}
 i - a potion of curing {unknown}
Comestibles
 f - 9 rations
 s - a chunk of flesh


   Skills:
 + Level 2.7 Fighting
 * Level 5.1 Short Blades
 - Level 2.1 Throwing
 + Level 1.0 Armour
 + Level 4.0 Dodging
 + Level 1.8 Stealth


You had 3 spell levels left.
You didn't know any spells.
Your spell library was empty.

Dungeon Overview and Level Annotations

Branches:
Dungeon (3/15)

Altars:
Elyvilon
Hepliaklqana
Kikubaaqudgha
Nemelex Xobeh
Vehumet
Wu Jian
The Shining One


Innate Abilities, Weirdness & Mutations

You are small and have problems with some larger weapons.
You are carnivorous and can eat meat at any time.


Message History

The orc priest invokes the aid of Beogh against you.
Pain shoots through your body! The orc misses you. x2
You hit the orc priest but do no damage.
The orc priest is moderately wounded.
The orc hits you but does no damage. The orc priest barely misses you.
You puncture the orc priest!
The orc priest is almost dead.
The orc hits you with a +0 short sword. The orc hits you but does no damage.
The orc priest mumbles some strange prayers to Beogh against you.
Pain shoots through your body!
* * * LOW HITPOINT WARNING * * *
You barely miss the orc priest.
The orc priest is almost dead.
The orc closely misses you. The orc hits you but does no damage.
The orc priest calls upon Beogh to heal the orc.
The orc's wounds heal themselves!
You closely miss the orc priest.
The orc priest is almost dead.
The orc hits you with a +0 short sword.
You die...

# ### #. #.. #.
#.# ##.# #.#
##...##.#
.##...o.#.#####.#
......o@........#
###....o#.#######
##...##.# ##.#
#.# #. #.# #. #.[
# ###


You could see an orc priest and 2 orcs.

Vanquished Creatures
  An adder (D:2)
  An ooze (D:1)
  4 leopard geckos
  4 orcs
  7 bats
  4 giant cockroaches
  5 goblins
  5 hobgoblins
  3 kobolds (D:1)
  2 quokkas (D:2)
  A ball python (D:1)
  2 frilled lizards (D:2)
  5 rats
44 creatures vanquished.

Notes
Turn   | Place    | Note
-------+----------+-------------------------------------------
     0 | D:1      | Hasart the Kobold Gladiator began the quest for the Orb.
     0 | D:1      | Reached XP level 1. HP: 12/12 MP: 1/1
   203 | D:1      | Reached XP level 2. HP: 18/18 MP: 2/2
   234 | D:1      | Reached skill level 1 in Stealth
   306 | D:1      | Reached XP level 3. HP: 13/22 MP: 3/3
   509 | D:1      | You fall through a shaft!
  1090 | D:2      | Reached skill level 1 in Armour
  1090 | D:2      | Reached XP level 4. HP: 21/27 MP: 4/4
  1371 | D:2      | Reached skill level 5 in Short Blades
  1413 | D:2      | Found a radiant altar of Vehumet.
  1415 | D:2      | Found an ornate altar of the Wu Jian Council.
  1415 | D:2      | Found a glowing golden altar of the Shining One.
  1415 | D:2      | Found a sparkling altar of Nemelex Xobeh.
  1418 | D:2      | Found a white marble altar of Elyvilon.
  1419 | D:2      | Found a hazy altar of Hepliaklqana.
  1420 | D:2      | Found an ancient bone altar of Kikubaaqudgha.
  1427 | D:2      | Became a worshipper of the Wu Jian Council
  1718 | D:3      | You fall through a shaft for 3 floors!
  1734 | D:6      | Slain by an orc

Levels and vault maps discovered:
D:1:      beargit_arrival_greenhouse, layout_loops_ring,
          corexii_item_surrounded_by_moat
D:2:      layout_basic, minitemple, first_ration
D:3:      layout_loops_cross
D:6:      layout_loops_ring

Skill      XL: |  1  2  3  4 |
---------------+-------------+-----
Stealth        | 1 |  1.8
Armour         | 1 |  1.0
Dodging        | 4 |  4.0
Short Blades   | 5 |  5.1
Fighting       | |  2.7
Throwing       | |  2.1

Action                   |  1- 3 |  4- 6 || total
-------------------------+-------+-------++-------
Melee: Rapier            |    91 |    47 ||   138
Invok: Lunge             |       |     4 ||     4
 Stab: Sleeping          |     4 |     2 ||     6
       Distracted        |     1 |       ||     1
  Eat: Chunk             |     9 |     2 ||    11
Armor: Leather armour    |    35 |    18 ||    53
Dodge: Dodged            |    74 |    45 ||   119

Table legend:
 A = Non-vault XP
 B = Vault XP
 C = Vault XP percentage of total XP
 D = Non-vault monster count
 E = Vault monster count
 F = Vault count percentage of total count
                 A         B        C        D         E       F
            +---------+---------+-------+---------+---------+-------
      Total |     103 |       0 |   0.0 |      44 |       0 |   0.0
            +---------+---------+-------+---------+---------+-------
        D:1 |      45 |       0 |   0.0 |      23 |       0 |   0.0
        D:2 |      41 |       0 |   0.0 |      15 |       0 |   0.0
        D:3 |      11 |       0 |   0.0 |       4 |       0 |   0.0
        D:6 |       6 |       0 |   0.0 |       2 |       0 |   0.0
            +---------+---------+-------+---------+---------+-------
